 Dungeon Crawl Stone Soup version 0.22-a0-265-g0d8bc90 (webtiles) character file.

10 varam the Grave Robber (level 2, -2/20 HPs)
             Began as a Ghoul Necromancer on Mar 7, 2018.
             Slain by an adder (4 damage)
             ... on level 2 of the Dungeon.
             The game lasted 00:02:09 (985 turns).

varam the Grave Robber (Ghoul Necromancer)           Turns: 985, Time: 00:02:10

Health: -2/20      AC:  2    Str: 11    XL:     2   Next: 20%
Magic:  0/3        EV: 12    Int: 10    God:
Gold:   40         SH:  0    Dex:  9    Spells: 2/4 levels left

rFire    . . .     SeeInvis .   (no weapon)
rCold    + . .     Gourm    .   (no shield)
rNeg     + + +     Faith    .   a - +0 robe
rPois    ∞         Spirit   .   (no helmet)
rElec    .         Reflect  .   (no cloak)
rCorr    .         Harm     .   (no gloves)
MR       .....                  (no boots)
Stlth    ++........             (no amulet)
HPRegen  0.00/turn              (no ring)
MPRegen  0.08/turn              (no ring)

@: rotting
A: rotting body, claws 1, carnivore, cold resistance 1, negative energy
resistance 3, inhibited regeneration, torment resistance, unbreathing
a: no special abilities


You were on level 2 of the Dungeon.
You were not hungry.

You visited 1 branch of the dungeon, and saw 2 of its levels.

You collected 40 gold pieces.

Inventory:

Armour
 a - a +0 robe (worn)
 e - a cursed -2 ring mail
Scrolls
 d - a scroll of remove curse {unknown}
 g - 2 scrolls of identify {unknown}
Potions
 b - 2 potions of might {unknown}
 f - 2 potions of brilliance {unknown}
 h - a potion of ambrosia {unknown}
Comestibles
 c - 3 rations


   Skills:
 - Level 1.7 Dodging
 - Level 2.1 Stealth
 - Level 1.7 Spellcasting
 + Level 4.5 Necromancy


You had 2 spell levels left.
You knew the following spells:

 Your Spells              Type           Power        Failure   Level  Hunger
a - Pain                  Necr           #...         4%          1    ##.....
b - Animate Skeleton      Necr           N/A          4%          1    ##.....


Dungeon Overview and Level Annotations

Branches:
Dungeon (2/15)

Altars:


Innate Abilities, Weirdness & Mutations

Your body is rotting away.
You thrive on raw meat.
You are immune to poison.
You have sharp fingernails.
You are carnivorous and can eat meat at any time.
Your flesh is cold resistant. (rC+)
You are immune to negative energy. (rN+++)
You do not regenerate when monsters are visible.
You are immune to unholy pain and torment.
You can survive without breathing.


Message History

The adder bites you.
* * * LOW HITPOINT WARNING * * *
The adder closely misses you.
You closely miss the adder.
The adder is almost dead.
The adder bites you.
* * * LOW HITPOINT WARNING * * *
You closely miss the adder.
The adder is almost dead.
The adder bites you.
* * * LOW HITPOINT WARNING * * *
An adder is nearby!
The adder misses you.
Casting: Pain (safe; 4% risk of failure)
Confirm with . or Enter, or press ? or * to list all spells.
Aiming: Pain (safe; 4% risk of failure)
Press: ? - help, Shift-Dir - straight line, f/p - adder
Aim: an adder (almost dead, chance to defeat MR: 68%)
The adder struggles to resist.
The adder bites you.
You die...

###### ##.##.. ##..##.#
###...##.#########
#.####.....##<#.......#
#.....@S.........####.#
#.########.##.#..# #.#
#.##......##.#
#.####..#(##.# ...
....#.##.# ##.
##.......# .. ####...S.
.. #<.### #... #


You could see an adder.

Vanquished Creatures
  3 bats
  A hobgoblin (D:2)
  A kobold (D:1)
  A quokka (D:2)
  3 frilled lizards (D:1)
  A rat (D:1)
10 creatures vanquished.

Notes
Turn   | Place    | Note
-------+----------+-------------------------------------------
     0 | D:1      | varam the Ghoul Necromancer began the quest for the Orb.
     0 | D:1      | Reached XP level 1. HP: 14/14 MP: 2/2
   871 | D:2      | Reached XP level 2. HP: 15/20 MP: 3/3
   892 | D:2      | Learned a level 1 spell: Animate Skeleton
   983 | D:2      | HP: 2/20 [adder (1)]
   985 | D:2      | Slain by an adder

Vault maps used:
D:1:      lemuel_arrival_cross, minivault_26
D:2:      nicolae_tso_carved_into_rock, lemuel_round_altar

Action                   || total
-------------------------++-------
Melee: Unarmed           ||    40
 Cast: Pain              ||    13
 Stab: Sleeping          ||     1
  Eat: Chunk             ||     1
Armor: Robe              ||    14
Dodge: Dodged            ||    34

Table legend:
 A = Spawn XP
 B = Non-spawn XP
 C = Spawn XP percentage of total XP
 D = Spawn monster count
 E = Non-spawn monster count
 F = Spawn count percentage of total count
 G = Total turns spent on level
                    A         B        C        D         E        F      G
               +---------+---------+-------+---------+---------+-------+---------
         Total |       0 |      15 |   0.0 |       0 |      10 |   0.0 |   985
               +---------+---------+-------+---------+---------+-------+---------
           D:1 |       0 |       9 |   0.0 |       0 |       7 |   0.0 |   848
           D:2 |       0 |       6 |   0.0 |       0 |       3 |   0.0 |   137
               +---------+---------+-------+---------+---------+-------+---------
